 Dungeon Crawl Stone Soup version 0.25.0-1-g7eea58d2a3 (webtiles) character file.

Game seed: 12025182789663813965

10 xccam the Shield-Bearer (level 2, -11/19 HPs)
             Began as a Gargoyle Fighter on June 13, 2020.
             Mangled by an ogre
             ... wielding a +0 giant club
              (12 damage)
             ... on level 1 of the Dungeon.
             The game lasted 00:00:54 (690 turns).

xccam the Shield-Bearer (Gargoyle Fighter)           Turns: 690, Time: 00:00:54

Health: -11/19     AC:  9    Str: 19    XL:     2   Next: 20%
Magic:  2/2        EV:  7    Int:  8    God:
Gold:   37         SH:  9    Dex:  9    Spells: 1/1 levels left

rFire    . . .     SeeInvis .   a - +0 war axe
rCold    . . .     Gourm    .   c - +0 kite shield
rNeg     + . .     Faith    .   b - +0 scale mail
rPois    ∞         Spirit   .   (no helmet)
rElec    +         Reflect  .   (no cloak)
rCorr    .         Harm     .   (no gloves)
MR       .....                  (no boots)
Stlth    ..........             (no amulet)
HPRegen  0.06/turn              (no ring)
MPRegen  0.08/turn              (no ring)

@: no status effects
A: negative energy resistance 1, electricity resistance, unbreathing,
petrification resistance, rot immunity, AC +2
a: no special abilities


You were on level 1 of the Dungeon.
You were not hungry.

You visited 1 branch of the dungeon, and saw 2 of its levels.

You collected 37 gold pieces.

Inventory:

Hand Weapons
 a - a +0 war axe (weapon)
Armour
 b - a +0 scale mail (worn)
 c - a +0 kite shield (worn)
Scrolls
 e - a scroll of identify {unknown}
 i - a scroll of remove curse {unknown}
Potions
 d - a potion of might
 h - a potion of haste {unknown}
Comestibles
 f - 2 rations


   Skills:
 - Level 3.2 Fighting
 + Level 2.5 Axes
 - Level 3.2 Armour
 - Level 3.2 Shields


You had one spell level left.
You didn't know any spells.
Your spell library was empty.

Dungeon Overview and Level Annotations

Branches:
Dungeon (2/15)

Altars:


Innate Abilities, Weirdness & Mutations

You are resistant to torment.
Your stone body is resilient. (AC +2)
You are immune to poison.
You resist negative energy. (rN+)
You are resistant to electric shocks. (rElec)
You can survive without breathing.
You are immune to petrification.
You are immune to rotting.


Message History

* * * LOW HITPOINT WARNING * * *
You are too injured to fight recklessly!
Unknown command.
You aren't carrying any items that you can evoke.
Okay, then.
You slash the ogre!
The ogre is heavily wounded.
The ogre hits you with a +0 giant club.
* * * LOW HITPOINT WARNING * * *
Your shield and scale mail prevent you from hitting the ogre.
The ogre is heavily wounded.
The ogre completely misses you.
You slash the ogre!
The ogre is severely wounded.
The ogre barely misses you.
You barely miss the ogre.
The ogre is severely wounded.
The ogre hits you with a +0 giant club!
Ouch! That really hurt!
You die...

......############## #.#.#
.................).# #.#.#
.#.................# #.#.#
........#..###...#######.#.#
...........................# #
.....####......#.#######...### #
...............#..###........# #
..#######.#....O...........#.# #
....#.....#....#@..###.#...#.# #
..#.#.#####...#........#.#.#.# #
..#.#.#####...####.##..#.....# #
.......................)>#...####
#####.#####..#####..##♣♣♣........
......# #... .....# ♣♣♣##.###
####### ## ###..# #.♣♣♣ #..#
.P..♣#.♣.. #. PP..♣♣.♣♣.


You could see an ogre.

Vanquished Creatures
  2 goblins (D:1)
  A hobgoblin (D:1)
  3 jackals (D:1)
  A kobold (D:1)
  A bat (D:1)
  A rat (D:1)
9 creatures vanquished.

Notes
Turn   | Place    | Note
-------+----------+-------------------------------------------
     0 | D:1      | xccam the Gargoyle Fighter began the quest for the Orb.
     0 | D:1      | Reached XP level 1. HP: 14/14 MP: 1/1
   419 | D:1      | Reached XP level 2. HP: 16/19 MP: 2/2
   583 | D:1      | You fall into a shaft and drop 1 floor!
   639 | D:2      | Noticed an ogre
   690 | D:1      | Mangled by an ogre

Illustrated notes

Levels and vault maps discovered:
D:1:      dpeg_arrival_simpleton_c, layout_basic, serial_forest,
          infiniplex_forest_straight_3, infiniplex_forest_corner_1,
          infiniplex_forest_end_3, infiniplex_forest_lined_4_way,
          infiniplex_forest_lined_4_way, infiniplex_forest_lined_4_way,
          infiniplex_forest_clump_large, infiniplex_forest_clump_large,
          infiniplex_forest_straight_5
D:2:      minmay_alternating_diamond, layout_basic, kennysheep_slug_shrine,
          minivault_23

Skill      XL: |  1 |
---------------+----+-----
Axes           | 2 |  2.5
Fighting       | |  3.2
Armour         | |  3.2
Shields        | |  3.2

Action                   || total
-------------------------++-------
Melee: War axe           ||    47
Armor: Scale mail        ||    27
Dodge: Dodged            ||    15
Block: Kite shield       ||    19
